 Dungeon Crawl Stone Soup version 0.30.0-15-g856e2d3f33 (webtiles) character file.

Game seed: 6287368367760433675

96 ProzacElf the Cudgeller (level 4, -2/35 HPs)
             Began as a Demonspawn Fighter on May 18, 2023.
             Slain by a gnoll
             ... wielding a +0 flail
              (9 damage)
             ... on level 3 of the Dungeon.
             The game lasted 00:04:49 (1611 turns).

ProzacElf the Cudgeller (Demonspawn Fighter)        Turns: 1611, Time: 00:04:50

Health: -2/35      AC:  6    Str: 18    XL:     4   Next: 41%
Magic:  4/4        EV: 10    Int: 10    God:
Gold:   61         SH:  4    Dex: 12    Spells: 3/3 levels left

rFire   . . .        a - +0 flail
rCold   . . .        c - +0 buckler
rNeg    . . .        b - +0 scale mail
rPois   .            (no helmet)
rElec   .            (no cloak)
rCorr   .            (no gloves)
SInv    .            (no boots)
Will    .....        m - amulet of faith
Stlth   ++           (no ring)
HPRegen 0.25/turn    (no ring)
MPRegen 0.09/turn

%: faith
@: hasted, very quick
A: sturdy frame 2
a: no special abilities


You were on level 3 of the Dungeon.
You visited 1 branch of the dungeon, and saw 3 of its levels.

You collected 61 gold pieces.

Inventory:

Hand Weapons
 a - a +0 flail (weapon)
 o - a +1 great mace of holy wrath
Missiles
 q - 5 boomerangs (quivered)
Armour
 b - a +0 scale mail (worn)
 c - a +0 buckler (worn)
 j - a +0 plate armour
 l - a +0 chain mail
Jewellery
 m - an amulet of faith (around neck)
Wands
 r - a wand of mindburst (23)
Scrolls
 e - 2 scrolls of fog {unknown}
 f - 4 scrolls of identify {unknown}
 g - 2 scrolls of enchant weapon {unknown}
 h - a scroll of fear {unknown}
 i - a scroll of magic mapping {unknown}
 n - 4 scrolls of amnesia {unknown}
 s - 3 scrolls of silence {unknown}
Potions
 d - 2 potions of might
 p - a potion of lignification {unknown}
 t - a potion of heal wounds {unknown}


   Skills:
 - Level 3.0 Fighting
 + Level 3.2 Maces & Flails
 - Level 2.6 Armour
 + Level 2.8 Stealth
 - Level 2.6 Shields


You had 3 spell levels left.
You didn't know any spells.
Your spell library contained the following spells:

 Spells                   Type           Power      Damage    Failure   Level
 Foxfire                  Conj/Fire      0%         2x1d4     58%         1
 Fireball                 Conj/Fire      0%         3d3       100%        5
 Plasma Beam              Fire/Air       0%         2x1d11    100%        6
 Starburst                Conj/Fire      0%         6d3       100%        6


Dungeon Overview and Level Annotations

Branches:
Dungeon (3/15)

Altars:


Innate Abilities, Weirdness & Mutations

Your movements are less encumbered by armour. (ER -4)


Message History

Tha gnoll hits ye wit' a +0 spear.
Ye take 3 damage, an' haf 28/35 hp.
Ye barely miss tha gnoll.
Tha gnoll hits ye but does nay damage.
A gnoll comes inta view.
It be wieldin' a +0 spear.
Ye barely miss tha gnoll.
Tha gnoll hits ye but does nay damage.
Tha gnoll shouts!
Ye hit tha gnoll.
Tha gnoll be heavily wounded.
A rat comes inta view.
Tha gnoll hits ye wit' a +0 spear.
Ye take 2 damage, an' haf 27/35 hp.
Ye closely miss tha gnoll.
Tha gnoll be heavily wounded.
Tha gnoll misses ye.
Tha gnoll hits ye wit' a +0 flail.
Tha gnoll hits ye wit' a +0 spear.
Ye take 7 damage, an' haf 20/35 hp.
Tha gnoll attacks as ye move away!
Tha gnoll closely misses ye.
Tha gnoll attacks as ye move away!
Tha gnoll hits ye but does nay damage.
Tha gnoll hits ye wit' a +0 spear.
Ye take 1 damage, an' haf 20/35 hp.
Tha gnoll attacks as ye move away!
Tha gnoll hits ye wit' a +0 flail!
Tha gnoll attacks as ye move away!
Tha gnoll hits ye wit' a +0 whip.
* * * LOW HITPOINT WARNIN'
* * * Tha gnoll hits ye but does nay damage.
Ye take 10 damage, an' haf 10/35 hp.
MASSIVE DAMAGE!!
Tha gnoll attacks as ye move away!
Ye block tha gnoll's attack.
Tha gnoll attacks as ye move away!
Tha gnoll hits ye wit' a +0 whip.
* * * LOW HITPOINT WARNIN'
* * * Ye take 1 damage, an' haf 9/35 hp.
Thin's tha be 'ere: a +0 dagger; a goblin corpse Tha gnoll attacks as ye move away!
Tha gnoll closely misses ye.
It was a potion o' haste.
Ye feel yerself speed up.
Tha gnoll hits ye wit' a +0 flail.
* * * LOW HITPOINT WARNIN'
* * * Ye take 4 damage, an' haf 7/35 hp.
Ye op'n tha door.
A goblin comes inta view.
It be wieldin' a +0 dagger.
Tha gnoll hits ye wit' a +0 flail!
Ye die...

.# .....#.#
.####....#.#g..# .##.#
...........+....#.#..+
.####...... .........
.........# .......
##..###.#### .....
...........# ...
.#####.....### #'# ##
##.⌠....# #@# #
##...#.# #g#
##..#.###.##
##.......g##
#.###..g..####### +.#
#....g....... #.#
#.r##.##..... #.#
#..#)..#.##.# ..#
#........#...


You could see 4 gnolls, a goblin (asleep) and a rat.

Vanquished Creatures
  3 adders
  A worm (D:2)
  3 endoplasms
  A giant cockroach (D:2)
  10 goblins
  8 hobgoblins
  5 jackals (D:2)
  7 kobolds
  2 quokkas
  4 ball pythons
  8 bats
  3 frilled lizards
  5 rats
60 creatures vanquished.

Notes
Turn   | Place    | Note
-------+----------+-------------------------------------------
     0 | D:1      | ProzacElf the Demonspawn Fighter began the quest for the
                  | Orb.
     0 | D:1      | Reached XP level 1. HP: 18/18 MP: 1/1
   131 | D:1      | Reached skill level 1 in Stealth
   136 | D:1      | Gained mutation: Your movements are slightly less
                  | encumbered by armour. (ER -2) [demonic ancestry]
   136 | D:1      | Reached XP level 2. HP: 19/24 MP: 2/2
   529 | D:1      | Reached XP level 3. HP: 29/29 MP: 3/3
   724 | D:2      | Found a faded altar of an unknown god.
   980 | D:2      | Gained mutation: Your movements are less encumbered by
                  | armour. (ER -4) [demonic ancestry]
   980 | D:2      | Reached XP level 4. HP: 18/35 MP: 4/4
  1611 | D:3      | Slain by a gnoll

Illustrated notes

Levels and vault maps discovered:
D:1:      lemuel_arrival_hallway, layout_rooms
D:2:      layout_loops_cross, ebering_ecumenical_altar_mist
D:3:      layout_loops_corners, nicolae_overflow_ecumenical_swirl,
          hangedman_ru_absence, grunt_ministairs_14,
          hangedman_decor_clover_reticule, uniq_natasha, uniq_terence

Skill      XL: |  1  2  3 |
---------------+----------+-----
Maces & Flails | 2 3 |  3.2
Stealth        | 1 2 |  2.8
Fighting       | |  3.0
Armour         | |  2.6
Shields        | |  2.6

Action                     |  1- 3 |  4- 6 || total
---------------------------+-------+-------++-------
  Melee: Flail             |   143 |    30 ||   173
    Use: Potion            |       |     1 ||     1
   Stab: Sleeping          |       |     2 ||     2
 Armour: Scale mail        |    89 |    11 ||   100
  Dodge: Dodged            |    69 |    14 ||    83
  Block: Buckler           |    53 |     2 ||    55

Action                     |  1- 3 |  4- 6 || total
---------------------------+-------+-------++-------
  Melee: Flail             |   143 |    30 ||   173
    Use: Potion            |       |     1 ||     1
   Stab: Sleeping          |       |     2 ||     2
 Armour: Scale mail        |    89 |    11 ||   100
  Dodge: Dodged            |    69 |    14 ||    83
  Block: Buckler           |    53 |     2 ||    55

Levels and vault maps discovered:
D:1:      lemuel_arrival_hallway, layout_rooms
D:2:      layout_loops_cross, ebering_ecumenical_altar_mist
D:3:      layout_loops_corners, nicolae_overflow_ecumenical_swirl,
          hangedman_ru_absence, grunt_ministairs_14,
          hangedman_decor_clover_reticule, uniq_natasha, uniq_terence
